 Seeded DCSS version 0.30.1-4-g462c640d31 (webtiles) character file.

Game seed: 6351066067085065685 (custom seed)

17 Esekla the Grave Robber (level 2, 0/15 HPs)
             Began as a Deep Elf Necromancer on Aug 13, 2023.
             Was an Initiate of Vehumet.
             Slain by an orc
             ... wielding a +0 whip
              (6 damage)
             ... on level 3 of the Dungeon.
             The game lasted 00:05:12 (1046 turns).

Esekla the Grave Robber (Deep Elf Necromancer)      Turns: 1046, Time: 00:05:12

Health: 0/15       AC:  4    Str:  5    XL:     2   Next: 44%
Magic:  8/8        EV: 13    Int: 19    God:    Vehumet [......]
Gold:   89         SH:  0    Dex: 15    Spells: 6/7 levels left

rFire   . . .        c - +0 short sword
rCold   . . .        (no shield)
rNeg    . . .        a - +0 robe
rPois   .            k - +0 helmet
rElec   .            (no cloak)
rCorr   .            h - +0 pair of gloves
SInv    .            (no boots)
Will    .....        (no amulet)
Stlth   ++           (no ring)
HPRegen 0.22/turn    (no ring)
MPRegen 0.11/turn

%: no passive effects
@: no status effects
A: no striking features
a: Renounce Religion


You were on level 3 of the Dungeon.
You worshipped Vehumet.
Vehumet was noncommittal.
You visited 1 branch of the dungeon, and saw 4 of its levels.

You collected 89 gold pieces.

Inventory:

Hand Weapons
 c - a +0 short sword (weapon)
Armour
 a - a +0 robe (worn)
 h - a +0 pair of gloves (worn)
 k - a +0 helmet (worn)
Scrolls
 e - a scroll of fear {unknown}
 f - 3 scrolls of identify {unknown}
 l - a scroll of amnesia {unknown}
 m - 2 scrolls of enchant weapon {unknown}
Potions
 b - a potion of magic
 d - a potion of ambrosia {unknown}
 g - a potion of curing {unknown}
 i - a potion of attraction {unknown}
 j - a potion of mutation {unknown}


   Skills:
 * Level 2.8 Dodging
 + Level 2.5 Stealth
 * Level 3.0 Spellcasting
 + Level 5.4 Necromancy


You had 6 spell levels left.
You knew the following spells:

 Your Spells              Type           Power      Damage    Failure   Level
a - Necrotise             Necr           92%        1d8       1%          1

Your spell library contained the following spells:

 Spells                   Type           Power      Damage    Failure   Level
 Vampiric Draining        Necr           23%        2d7       4%          3
 Animate Dead             Necr           23%        N/A       16%         4
 Agony                    Necr           23%        N/A       41%         5


Dungeon Overview and Level Annotations

Branches:
Dungeon (4/15)
 Temple: D:4-7

Altars:
Okawaru
Vehumet
Zin
The Shining One

Shops:
D:4 (


Message History

You closely miss the orc.
The orc is lightly wounded.
The orc closely misses you.
You closely miss the orc.
The orc is lightly wounded.
The orc hits you but does no damage.
You barely miss the orc.
The orc is lightly wounded.
The orc closely misses you.
You hit the orc but do no damage.
The orc is lightly wounded.
The orc barely misses you.
You closely miss the orc.
The orc is lightly wounded.
The orc barely misses you.
You hit the orc.
The orc is heavily wounded.
The orc closely misses you.
You closely miss the orc.
The orc is heavily wounded.
The orc closely misses you.
You barely miss the orc.
The orc is heavily wounded.
The orc closely misses you.
You hit the orc.
The orc is almost dead.
The orc misses you.
You hit the orc but do no damage.
The orc is almost dead.
The orc hits you with a +0 whip.
You barely miss the orc.
The orc is almost dead.
The orc hits you with a +0 whip.
You hit the orc.
You kill the orc!
Vehumet accepts your kill.
You hit the orc.
The orc is heavily wounded.
The orc hits you with a +0 whip.
You die...

#.##. o## #.#.. ..#
#.#..####..# #.##..##o.# ####
#..#...o..# ...# #..##....##
##.# #...#....#.. ##.#####
#o#.........# .......#
#@######....#
.......#########.######....#
.............................
.......######################
.......# .......# .......#
########### .......#
#.........# .# .#######
#.........# ##.#


You could see an orc.

Vanquished Creatures
  2 orcs (D:3)
  A ball python (D:1)
  3 bats
  An endoplasm (D:3)
  2 goblins
  2 frilled lizards
  4 kobolds
15 creatures vanquished.

Notes
Turn   | Place    | Note
-------+----------+-------------------------------------------
     0 | D:1      | Esekla the Deep Elf Necromancer began the quest for the
                  | Orb.
     0 | D:1      | Reached XP level 1. HP: 10/10 MP: 6/6
   162 | D:1      | Reached skill level 5 in Necromancy
   351 | D:2      | Noticed a black bear
   444 | D:4      | Found a radiant altar of Vehumet.
   448 | D:4      | Became a worshipper of Vehumet
   525 | D:4      | Found a glowing golden altar of the Shining One.
   544 | D:4      | Found an iron altar of Okawaru.
   555 | D:4      | Found a glowing silver altar of Zin.
   648 | D:3      | Reached XP level 2. HP: 11/15 MP: 8/8
   802 | D:4      | Found Ponaysk's Antique Weapon Boutique.
  1046 | D:3      | Slain by an orc

Illustrated notes

Levels and vault maps discovered:
D:1:      sevenhm_arrival_forest_fort_small_3, layout_rooms,
          chequers_serial_rivers_room_b, minmay_misc_feat_five
D:2:      layout_loops_ring, dreamdust_ecumenical_altar_angels_and_demons,
          serial_shops, shop
D:3:      layout_basic, grunt_temple_overflow_open, minmay_misc_feat_iff
D:4:      layout_basic, nicolae_overflow_quartered_altars, serial_shops,
          nicolae_diamond_shop

Skill      XL: |  1 |
---------------+----+-----
Necromancy     | 5 |  5.4
Dodging        | |  2.8
Stealth        | |  2.5
Spellcasting   | |  3.0

Action                     || total
---------------------------++-------
  Melee: Short sword       ||    75
         Unarmed           ||     5
   Stab: Sleeping          ||     1
 Armour: Robe              ||    33
  Dodge: Dodged            ||    39
